AoeStats
← gx5v163237

Arabia

509540659Analyzed
1v1 RM · 6d ago on Sep 27, 2026· 33m 20s· 2 players
Game mode
Random Map
Map size
Tiny (2 player)
Population
200
Speed
Normal
Resources
Standard
Victory
Conquest
Starting age
Dark Age
Ending age
Imperial Age
RankedLock teamsTeams togetherTeam positionsShared explorationLock speedFull tech treeHidden civsTurbo modeCheats
Victory
Defeat
🇹🇼 Japanese · Taiwan
1260
+14
🇦🇷 Jurchens · Argentina
1227
-14
VL marianinka
7:10 Loom
9:25 Feudal Age
10:12 Double-Bit Axe
17:18 Fletching
24:21 Castle Age
22:26 Padded Archer Armor
23:12 Scale Barding Armor
23:13 Gold Mining
24:10 Bloodlines
24:58 Forging
28:50 Chain Barding Armor
31:54 Iron Casting
32:25 Bodkin Arrow
gx5v163237
7:04 Loom
9:20 Feudal Age
9:23 Man-at-Arms
11:40 Arson
20:24 Castle Age
18:14 Double-Bit Axe
21:00 Fletching
21:35 Bow Saw
21:29 Gold Mining
21:37 Bodkin Arrow
23:15 Wheelbarrow
23:02 Bloodlines
22:52 Horse Collar
23:35 Husbandry
24:31 Ballistics
24:46 Padded Archer Armor
31:08 Hand Cart
31:21 Leather Archer Armor
31:36 Thumb Ring
Connection lost

Rejoining the realm…

Still unreachable

The connection could not be restored.

Session expired

The server has moved on; the page needs a fresh start.